 Dungeon Crawl Stone Soup version 0.20-a0-795-ga03948b (webtiles) character file.

18533 Modermodemet the Martial Artist (level 12, -7/94 HPs)
             Began as a Demonspawn Wanderer on Mar 1, 2017.
             Was a Priest of Wu Jian.
             Mangled by an eight-headed hydra (14 damage)
             ... on level 1 of the Lair of Beasts.
             The game lasted 00:39:56 (17005 turns).

Modermodemet the Martial Artist (DsWn)             Turns: 17005, Time: 00:39:57

Health: -7/94      AC:  7    Str: 12    XL:     12   Next: 28%
Magic:  0/13       EV: 14    Int: 13    God:    Wu Jian [***...]
Gold:   280        SH:  8    Dex: 36    Spells: 13/13 levels left

rFire    + . .     SeeInvis .     - Unarmed
rCold    . . .     Gourm    .   A - +3 leather armour of Tender Moments {Dex+9}
rNeg     . . .     Faith    .   t - +0 buckler
rPois    .         Spirit   +   (helmet unavailable)
rElec    .         Reflect  .   v - +0 cloak {+Inv}
rCorr    .         Harm     .   (no gloves)
MR       +....     Clarity  +   (boots unavailable)
Stlth    ++........             O - amulet of guardian spirit
Regen    0.3/turn               M - ring of protection from magic
MPRegen  0.2/turn               F - +6 ring of dexterity

@: studying Throwing
A: claws 1, hooves 3, horns 3, agile 1, clarity, fire resistance 1, magic
shield, rot immunity, MP-powered wands
a: Renounce Religion, Evoke Invisibility


You were on level 1 of the Lair of Beasts.
You worshipped Wu Jian.
Wu Jian was most pleased with you.
You were not hungry.

You visited 3 branches of the dungeon, and saw 12 of its levels.
You also visited: Ossuary and Ice Cave.

You collected 880 gold pieces.
You spent 600 gold pieces at shops.

Inventory:

Hand Weapons
 a - a +3 spear
Armour
 d - a +0 robe
 e - a +3 leather armour of fire resistance
 i - a +0 leather armour
 j - a +0 pair of boots
 t - a +0 buckler (worn)
 v - a +0 cloak of invisibility (worn)
 A - the +3 leather armour of Tender Moments (worn) {Dex+9}
   (You found it on level 6 of the Dungeon)

   It affects your dexterity (+9).
Jewellery
 p - an uncursed amulet of harm
 r - an uncursed ring of stealth
 F - a +6 ring of dexterity (left claw)
 M - a ring of protection from magic (right claw)
 O - an amulet of guardian spirit (around neck)
Wands
 m - a wand of iceblast (2/15)
 u - a wand of digging (18/24)
 y - a wand of paralysis (5/24)
 z - a wand of clouds (7/9)
 N - a wand of paralysis (12/24)
Scrolls
 c - 6 scrolls of teleportation
 h - 11 scrolls of remove curse
 o - 8 scrolls of identify
 q - a scroll of enchant weapon
 G - 2 scrolls of vulnerability
 H - a scroll of enchant armour
 I - 2 scrolls of recharging
Potions
 k - 4 potions of curing
 n - 4 potions of heal wounds
 w - 2 potions of brilliance
 x - a potion of agility
 D - 2 potions of ambrosia
 E - 2 potions of haste
 K - a potion of flight {unknown}
Books
 b - the Almanac of Dark Rituals

   Spells                             Type                      Level
   a - Pain                           Necromancy                   1
   b - Regeneration                   Charms/Necromancy            3
 C - a manual of Throwing
 J - the Handbook of Combed Thunderclap
   (You found it on level 10 of the Dungeon)

   Spells                             Type                      Level
   a - Airstrike                      Air                          4
   b - Summon Lightning Spire         Summoning/Air                4
Comestibles
 f - 5 bread rations
 g - 14 fruits
 l - 14 royal jellies
 s - 5 meat rations
 B - 3 chunks of flesh


   Skills:
 - Level 8.8 Fighting
 - Level 1.7 Polearms
 - Level 3.0 Throwing
 - Level 4.2 Armour
 - Level 2.6 Dodging
 + Level 4.2 Shields
 - Level 14.6 Unarmed Combat
 - Level 1.0 Spellcasting
   Level 4.0 Hexes
 + Level 1.0 Evocations


You had 13 spell levels left.
You didn't know any spells.

Dungeon Overview and Level Annotations

Branches:
Dungeon (10/15)            Temple (1/1) D:5            Lair (1/6) D:10
    Orc: D:9-12

Altars:
Ashenzari
Cheibriados
Dithmenos
Elyvilon
Fedhas
Gozag
Hepliaklqana
Kikubaaqudgha
Makhleb
Nemelex Xobeh
Okawaru
Qazlal
Ru
Sif Muna
Trog
Uskayaw
Vehumet
Wu Jian
Xom
Yredelemnul
Zin
The Shining One

Shops:
D:10 *


Innate Abilities, Weirdness & Mutations

You have sharp fingernails.
You have hooves in place of feet.
You have a pair of large horns on your head.
When hurt, damage is shared between your health and your magic reserves.
You are immune to rotting.
You are agile. (Dex +2)
You possess an exceptional clarity of mind.
Your flesh is heat resistant. (rF+)
You expend magic power (3 MP) to strengthen your wands.


Message History

The eight-headed hydra bites you!
* * * LOW HITPOINT WARNING * * *
Unknown command.
Okay, then.
Unknown command.
Things that are here:
a wolf corpse; a wolf skeleton
Things that are here:
a wolf skeleton x2
There is an open door, spattered with blood here.
There is an open door here.
The eight-headed hydra closely misses you.
The eight-headed hydra misses you. x2
You block the eight-headed hydra's attack.
The eight-headed hydra closely misses you.
The eight-headed hydra barely misses you.
The eight-headed hydra bites you.
* * * LOW HITPOINT WARNING * * *
The eight-headed hydra bites you!
You die...

#...# ##.# ### ##..#
##†##### ##'#######
#......# ##........#
#......# #....(....#
###......# # ##..>.....#
###........###
##........###.#.#.......##
#.........'.....#...[..###
##.......@###P#.#.......##
#......D.# ####.......###
#........# ##......#
#####'#### #......# #.##
#......# ##..# ###...##
#..## ###.# #.## #...#
##+.##### #.###


You could see an eight-headed hydra.

Vanquished Creatures
  A hydra (Lair:1)
  3 two-headed ogres
  The ghost of Yehuk the Transmogrifier, a novice TrTm of Cheibriados (D:6)
  A necromancer (IceCv)
  Pikel (D:7)
  2 deep elf magi (D:10)
  An ugly thing (D:10)
  A black mamba (Lair:1)
  Joseph (D:7)
  4 ice statues (IceCv)
  A rime drake (Lair:1)
  2 spiny frogs (Lair:1)
  9 ice devils
  The ghost of Syneil the Shield-Bearer, an amateur FoFi (D:3)
  2 hippogriffs (D:7)
  A wyvern (D:9)
  12 yaks
  A hungry ghost (D:7)
  2 water moccasins
  2 porcupines (Lair:1)
  2 hell hounds (D:10)
  2 sky beasts
  2 slaves (D:7)
  2 orc warriors
  An ice beast (D:6)
  A black bear (D:10)
  2 phantoms
  A necrophage (D:8)
  6 wolves (Lair:1)
  3 ogres
  4 centaurs
  A crocodile (Lair:1)
  2 big kobolds
  3 bullfrogs
  A wyvern zombie (D:10)
  A scorpion (D:3)
  3 killer bees (D:7)
  2 vampire bats (D:7)
  7 howler monkeys
  A crimson imp (D:7)
  A bullfrog zombie (D:6)
  6 draconian simulacra (IceCv)
  3 centaur zombies
  4 hounds
  4 orc priests
  Crazy Yiuf (D:5)
  2 centaur skeletons
  5 jellies
  6 orc wizards
  3 gnoll shamans (D:3)
  2 iguanas
  Ijyb (D:2)
  12 worker ants
  A spriggan simulacrum (IceCv)
  A troll simulacrum (IceCv)
  A big kobold zombie (Ossuary)
  A centaur simulacrum (IceCv)
  4 mummies (Ossuary)
  32 gnolls
  7 adders
  An ogre simulacrum (IceCv)
  A shadow imp (D:5)
  7 oozes
  An adder zombie (D:6)
  4 worms
  4 dart slugs
  3 leopard geckos
  35 orcs
  A ball python (D:3)
  8 bats
  3 bat skeletons (D:7)
  3 bat zombies (D:7)
  3 giant cockroaches
  14 goblins
  9 hobgoblins
  32 jackals
  6 quokkas
  4 frilled lizards
  2 hobgoblin zombies (Ossuary)
  A jackal zombie (D:5)
  21 kobolds
  A leopard gecko skeleton (D:5)
  A quokka zombie (D:5)
  6 rats
364 creatures vanquished.

Vanquished Creatures (others)
  A slave (D:7)
1 creature vanquished.

Grand Total: 365 creatures vanquished

Notes
Turn   | Place    | Note
-------+----------+-------------------------------------------
     0 | D:1      | Modermodemet the Demonspawn Wanderer began the quest for the Orb.
     0 | D:1      | Modermodemet set off with: a +2 spear, the Almanac of Dark Rituals, a scroll of teleportation, a +0 robe, a bread ration
     0 | D:1      | Reached XP level 1. HP: 15/15 MP: 2/2
    99 | D:1      | Gained mutation: You have a pair of small horns on your head. [demonic ancestry]
    99 | D:1      | Reached XP level 2. HP: 7/22 MP: 3/3
   425 | D:1      | Reached skill level 1 in Unarmed Combat
   956 | D:2      | Noticed Ijyb
   968 | D:2      | Killed Ijyb
   968 | D:2      | Reached skill level 2 in Unarmed Combat
   968 | D:2      | Reached XP level 3. HP: 24/27 MP: 4/4
  1250 | D:2      | Gained mutation: You have large cloven feet. [demonic ancestry]
  1250 | D:2      | Reached XP level 4. HP: 33/33 MP: 5/5
  1271 | D:2      | Reached skill level 3 in Unarmed Combat
  1300 | D:2      | Found an iron altar of Okawaru.
  1414 | D:2      | Found an opulent altar of Gozag.
  1600 | D:2      | You fall through a shaft!
  2332 | D:3      | Gained mutation: When hurt, damage is shared between your health and your magic reserves. [demonic ancestry]
  2332 | D:3      | Reached XP level 5. HP: 29/38 MP: 6/6
  2421 | D:3      | Reached skill level 4 in Unarmed Combat
  2778 | D:3      | Noticed Syneil's ghost (amateur FoFi)
  3009 | D:3      | Noticed an ogre
  3182 | D:3      | Reached skill level 5 in Unarmed Combat
  3322 | D:4      | Found a hide-covered altar of Uskayaw.
  3375 | D:3      | Gained mutation: You have a pair of horns on your head. [demonic ancestry]
  3375 | D:3      | Reached XP level 6. HP: 24/44 MP: 1/7
  4461 | D:4      | Reached skill level 6 in Unarmed Combat
  4551 | D:4      | Gained mutation: You have sharp fingernails. [demonic ancestry]
  4551 | D:4      | Reached XP level 7. HP: 40/50 MP: 6/8
  5205 | D:5      | Entered Level 5 of the Dungeon
  5456 | D:5      | Reached skill level 7 in Unarmed Combat
  5572 | D:5      | Found a burning altar of Makhleb.
  5956 | D:5      | Found a runed door.
  5956 | D:5      | Noticed Crazy Yiuf
  5960 | D:5      | Killed Crazy Yiuf
  6027 | D:5      | Found a staircase to the Ecumenical Temple.
  6033 | Temple   | Entered the Ecumenical Temple
  6286 | D:5      | Reached XP level 8. HP: 44/60 MP: 7/9
  6432 | D:6      | Reached skill level 8 in Unarmed Combat
  6582 | D:6      | Noticed Yehuk's ghost (novice TrTm)
  6712 | D:6      | Found a blossoming altar of Fedhas.
  6873 | D:6      | Got a pitted leather armour
  6884 | D:6      | Identified the +3 leather armour of Tender Moments {Dex+9} (You found it on level 6 of the Dungeon)
  7025 | D:6      | Killed Yehuk's ghost
  7025 | D:6      | Reached skill level 5 in Fighting
  7025 | D:6      | Reached skill level 9 in Unarmed Combat
  7327 | D:7      | Found a blossoming altar of Fedhas.
  7337 | D:7      | Noticed Pikel
  7366 | D:7      | Killed Pikel
  7366 | D:7      | Reached skill level 10 in Unarmed Combat
  7366 | D:7      | Gained mutation: You have hoof-like feet. [demonic ancestry]
  7366 | D:7      | Reached XP level 9. HP: 50/68 MP: 8/10
  7779 | D:7      | Found a sand-covered staircase.
  7784 | Ossuary  | Entered an ossuary
  8242 | D:7      | Noticed Joseph
  8365 | D:7      | Reached skill level 11 in Unarmed Combat
  8449 | D:7      | Killed Joseph
  9004 | D:7      | Found an ancient bone altar of Kikubaaqudgha.
  9143 | D:8      | Gained mutation: You have a pair of large horns on your head. [demonic ancestry]
  9143 | D:8      | Reached XP level 10. HP: 68/75 MP: 9/11
  9169 | D:8      | Reached skill level 12 in Unarmed Combat
  9291 | D:8      | Noticed a two-headed ogre
  9540 | D:8      | Killed a two-headed ogre
 10676 | D:9      | Reached skill level 13 in Unarmed Combat
 10946 | D:9      | Found an ornate altar of the Wu Jian Council.
 10954 | D:9      | Became a worshipper of the Wu Jian Council
 11011 | D:9      | Noticed a two-headed ogre
 11059 | D:9      | Killed a two-headed ogre
 11864 | D:3      | Reached * piety under Wu Jian
 11900 | D:3      | Killed Syneil's ghost
 11900 | D:3      | Reached skill level 1 in Armour
 12449 | D:9      | Gained mutation: You are immune to rotting. [demonic ancestry]
 12449 | D:9      | Reached XP level 11. HP: 59/81 MP: 8/12
 12492 | D:10     | Entered Level 10 of the Dungeon
 12499 | D:10     | Noticed a deep elf mage
 12500 | D:10     | Noticed a wizard
 12505 | D:10     | Killed a deep elf mage
 12505 | D:10     | Reached skill level 14 in Unarmed Combat
 12509 | D:10     | Identified the Handbook of Combed Thunderclap
 12511 | D:10     | Identified the Almanac of Dark Rituals
 12522 | D:10     | Noticed a deep elf mage
 12528 | D:10     | Killed a deep elf mage
 12630 | D:10     | Identified Ts'ui Pên's Volume of Forking Paths
 12638 | D:10     | Identified the Grimoire of Dhcmrlchtdj
 12661 | D:10     | Found a staircase to the Lair.
 12662 | D:10     | Noticed a purple ugly thing
 12683 | D:10     | Killed a purple ugly thing
 12766 | D:10     | Gained mutation: Your flesh is heat resistant. (rF+) [potion of mutation]
 12766 | D:10     | Gained mutation: You are agile. (Dex +2) [potion of mutation]
 12766 | D:10     | Gained mutation: You expend magic power (3 MP) to strengthen your wands. [potion of mutation]
 12766 | D:10     | Gained mutation: You possess an exceptional clarity of mind. [potion of mutation]
 12785 | D:10     | Found a shadowy altar of Dithmenos.
 12848 | D:10     | Reached ** piety under Wu Jian
 13368 | D:10     | Found Nur Xoep's Assorted Antiques.
 13369 | D:10     | Noticed a two-headed ogre
 13379 | D:10     | Killed a two-headed ogre
 13383 | D:10     | Bought a paperback manual for 450 gold pieces
 13383 | D:10     | Bought a jade ring for 150 gold pieces
 13461 | Lair:1   | Entered Level 1 of the Lair of Beasts
 13499 | Lair:1   | Noticed an eight-headed hydra
 13517 | Lair:1   | Killed an eight-headed hydra
 13517 | Lair:1   | Reached skill level 1 in Dodging
 13919 | Lair:1   | Found a frozen archway.
 14127 | IceCv    | Entered an ice cave
 14510 | IceCv    | Reached skill level 1 in Shields
 15714 | IceCv    | Gained mutation: You have hooves in place of feet. [demonic ancestry]
 15714 | IceCv    | Reached XP level 12. HP: 92/92 MP: 13/13
 16768 | Lair:1   | Reached *** piety under Wu Jian
 16973 | Lair:1   | Noticed an eight-headed hydra
 17005 | Lair:1   | Mangled by an eight-headed hydra

Vault maps used:
D:1:      lemuel_arrival_cross, hex_medium, minmay_misc_feat_five
D:2:      grunt_gozag_statues, grunt_ministairs_12, kennysheep_okawaru_gauntlet,
          uniq_iyjb
D:3:      lemuel_castle_with_subvaults
D:4:      kennysheep_the_goblin_king, eat_drink_and_be_merry_uskayaw,
          first_bread
D:5:      lemuel_round_altar, minmay_temple_entry_enclosed_plants,
          uniq_crazy_yiuf_cottage
D:6:      lemuel_crystal_altar
D:7:      kennysheep_vampire_church, basic_altar, enter_ossuary_2, uniq_pikel,
          uniq_joseph
D:8:      hangedman_little_slice_of_home
D:9:      lemuel_doored_altar
D:10:     minmay_lair_entry_lava, serial_shops, shop, basic_altar,
          bh_hangedman_babel_library
Temple:   eino_temple_rhombus
Lair:1:   portal_ice_cave_demonic_guard, infiniplex_staircase_pool_2
Ossuary:  ossuary_the_hunt_dpeg
IceCv:    ice_cave_tombish

Skill      XL: |  1  2  3  4  5  6  7  8  9 10 11 12 |
---------------+-------------------------------------+-----
Fighting       | 2 3 5 7 8 |  8.8
Unarmed Combat | 2 3 5 6 7 10 11 13 14 | 14.6
Armour         | 1 4 |  4.2
Dodging        | 2 |  2.6
Throwing       | 3 |  3.0
Shields        | 2 4 |  4.2
Polearms       | |  1.7
Spellcasting   | |  1.0
Hexes          | |  4.0
Evocations     | |  1.0

Action                   |  1- 3 |  4- 6 |  7- 9 | 10-12 || total
-------------------------+-------+-------+-------+-------++-------
Melee: Spear             |   107 |   257 |       |       ||   364
       Headbutt          |    15 |    51 |    53 |   148 ||   267
       Punch             |       |     7 |    18 |    28 ||    53
       Unarmed           |       |       |   312 |   636 ||   948
       Kick              |       |       |    81 |   242 ||   323
Evoke: Wand              |       |     2 |     3 |     5 ||    10
  Use: Scroll            |     1 |     1 |     7 |     9 ||    18
       Potion            |       |     4 |     4 |     7 ||    15
 Stab: Sleeping          |     3 |     5 |     2 |     6 ||    16
       Distracted        |     1 |     1 |     1 |     3 ||     6
       Paralysed         |       |       |     4 |     4 ||     8
       Held in net/web   |       |       |     1 |       ||     1
       Confused          |       |       |       |     1 ||     1
  Eat: Chunk             |     1 |    10 |     9 |    17 ||    37
       Bread ration      |       |       |     2 |     2 ||     4
Armor: Robe              |     1 |       |       |       ||     1
       Leather armour    |    26 |    43 |    97 |   132 ||   298
Dodge: Dodged            |    39 |    83 |   112 |   208 ||   442
Block: Buckler           |       |       |       |    29 ||    29
